 Dungeon Crawl Stone Soup version 0.29.0-4-gdea44cf6ec (webtiles) character file.

Game seed: 13168647367018740290

107 qw the Chopper (level 4, -8/26 HPs)
             Began as a Tengu Warper on Aug 28, 2022.
             Mangled by a gnoll
             ... wielding a +0 halberd
              (14 damage)
             ... on level 3 of the Dungeon.
             The game lasted 00:00:17 (2730 turns).

qw the Chopper (Tengu Warper)                       Turns: 2730, Time: 00:00:18

Health: -8/26      AC:  8    Str: 13    XL:     4   Next: 85%
Magic:  8/8        EV:  6    Int: 13    God:
Gold:   195        SH:  0    Dex: 14    Spells: 7/7 levels left

rFire   . . .      SeeInvis .   Y - +1 hand axe
rCold   . . .      Faith    .   (no shield)
rNeg    . . .      Spirit   .   m - +0 chain mail
rPois   .          Reflect  .   (helmet restricted)
rElec   .          Harm     .   (no cloak)
rCorr   .          Rampage  .   (no gloves)
Will    .....                   (boots unavailable)
Stlth   ..........              (no amulet)
HPRegen 0.08/turn               (no ring)
MPRegen 0.11/turn               (no ring)

@: about to teleport
A: beak, talons 3
a: no special abilities


You were on level 3 of the Dungeon.
You visited 1 branch of the dungeon, and saw 4 of its levels.

You collected 195 gold pieces.


Innate Abilities, Weirdness & Mutations

You have a beak for a mouth.
You have claws for feet.


   Skills:
 - Level 2.0 Fighting
 + Level 5.3 Axes
 - Level 1.0 Throwing
 - Level 1.1 Armour
 - Level 2.1 Dodging
 - Level 2.0 Spellcasting
 - Level 2.4 Translocations


You had 7 spell levels left.
You didn't know any spells.
Your spell library contained the following spells:

 Spells                   Type           Power      Damage    Failure   Level
 Blink                    Tloc           14%        N/A       99%         2
 Gell's Gravitas          Tloc           7%         N/A       100%        3
 Lesser Beckoning         Tloc           7%         N/A       100%        3
 Teleport Other           Tloc           7%         N/A       100%        3
 Manifold Assault         Tloc           7%         N/A       100%        5

Inventory:

Hand Weapons
 d - a +0 morningstar
 Y - a +1 hand axe (weapon)
Armour
 b - the +1 chain mail of the Meadowlark {Harm}
   (You found it on level 2 of the Dungeon)

   Harm:      It increases damage dealt and taken.
 m - a +0 chain mail (worn)
Jewellery
 h - a +4 ring of evasion
 l - a +4 ring of protection
Scrolls
 a - 2 scrolls of identify
 g - a scroll of silence {unknown}
Potions
 e - a potion of mutation {unknown}
 f - 2 potions of haste
 i - a potion of invisibility {unknown}
 j - a potion of heal wounds {unknown}
 k - 2 potions of degeneration {unknown}

Dungeon Overview and Level Annotations

Branches:
Dungeon (4/15)
 Temple: D:4-7

Altars:
Hepliaklqana

Shops:
D:1 [=


Message History

You hit the ball python.
You kill the ball python!
k - 2 golden potions (gained 1)
Found a leather armour.
Enter note:
Found a stone staircase leading down.
You now have 170 gold pieces (gained 9).
A rat comes into view.
The rat twitches its whiskers.
You hit the rat.
You kill the rat!
Found a stone staircase leading down.
You see here a +0 leather armour.
You now have 188 gold pieces (gained 18).
You now have 195 gold pieces (gained 7).
A gnoll comes into view. It is wielding a +0 halberd.
The gnoll shouts!
A gnoll comes into view. It is wielding a +0 halberd.
A gnoll comes into view. It is wielding a +0 club.
The gnoll shouts! x2
A gnoll comes into view. It is wielding a +0 whip.
The gnoll shouts!
An endoplasm comes into view.
The endoplasm quivers.
The gnoll hits you with a +0 halberd!
The gnoll hits you from afar with a +0 halberd.
You hit the gnoll. Your kick misses the gnoll.
The gnoll is lightly wounded.
The gnoll hits you with a +0 halberd! The gnoll barely misses you.
2729 ||| READING scroll of teleportation.
As you read the scroll of teleportation, it crumbles to dust.
You feel strangely unstable. The gnoll barely misses you.
You hit the gnoll.
The gnoll is moderately wounded.
You hit the gnoll but do no damage. The gnoll barely misses you.
The gnoll hits you from afar with a +0 halberd!
Ouch! That really hurt!
You die...

#..### ###...>......#
##...### ###............
###...###.............#
#####......##..........#
.......######.......>...
######.## #..........#
....#...## #..........#
###......## ##........##
#.....>.# ##g@g...##
###.......# ##.###....
.##.......#


Jgg ###. ..##)....## ....# #.#.......# #....# ..#.......# #..... ........).#
#..... ..........# #....## ..........# You could see 4 gnolls and an endoplasm.

Vanquished Creatures
  5 adders
  2 worms (D:2)
  3 dart slugs
  3 orcs (D:3)
  7 ball pythons
  7 bats
  4 endoplasms
  A giant cockroach (D:1)
  4 goblins
  2 hobgoblins (D:2)
  2 frilled lizards (D:1)
  7 kobolds
  4 rats
51 creatures vanquished.

Notes
Turn   | Place    | Note
-------+----------+-------------------------------------------
     0 | D:1      | qw the Tengu Warper began the quest for the Orb.
     0 | D:1      | Reached XP level 1. HP: 12/12 MP: 4/4
     0 | D:1      | 0 ||| qw: Version: 0.1-a-89-g26bdef1
     0 | D:1      | 0 ||| qw: Game counter: 2487
     0 | D:1      | 0 ||| qw: Always use a shield: true
     0 | D:1      | 0 ||| qw: God list: Okawaru
     0 | D:1      | 0 ||| qw: Allow faded altars: false
     0 | D:1      | 0 ||| qw: Do Orc after D:15 true
     0 | D:1      | 0 ||| qw: Do second Lair branch before Depths: true
     0 | D:1      | 0 ||| qw: Lair rune preference: random
     0 | D:1      | 0 ||| qw: Plans: Normal
     0 | D:1      | 0 ||| PLANNING D:1-11
    18 | D:1      | 18 ||| Stepping ~*~*~tactically~*~*~ (stealth).
    19 | D:1      | 19 ||| Stepping ~*~*~tactically~*~*~ (stealth).
    36 | D:1      | 36 ||| Stepping ~*~*~tactically~*~*~ (hiding).
    45 | D:1      | 45 ||| Stepping ~*~*~tactically~*~*~ (stealth).
    50 | D:1      | 50 ||| Stepping ~*~*~tactically~*~*~ (hiding).
   101 | D:1      | Reached skill level 3 in Axes
   101 | D:1      | Reached XP level 2. HP: 17/17 MP: 6/6
   127 | D:1      | 127 ||| Stepping ~*~*~tactically~*~*~ (hiding).
   229 | D:1      | 229 ||| Stepping ~*~*~tactically~*~*~ (stealth).
   231 | D:1      | 231 ||| Stepping ~*~*~tactically~*~*~ (stealth).
   233 | D:1      | 233 ||| Stepping ~*~*~tactically~*~*~ (stealth).
   235 | D:1      | 235 ||| Stepping ~*~*~tactically~*~*~ (hiding).
   472 | D:1      | 472 ||| DROPPING +0 club.
   481 | D:1      | Found a faded altar of an unknown god.
   634 | D:1      | Found Ronegg's Jewellery Shop.
   644 | D:1      | 644 ||| SHOPLISTING +6 ring of strength (504 gold, have
                  | 52).
   644 | D:1      | 644 ||| SHOPLISTING amulet of regeneration (420 gold, have
                  | 52).
   644 | D:1      | 644 ||| SHOPLISTING amulet of the acrobat (420 gold, have
                  | 52).
   644 | D:1      | 644 ||| SHOPLISTING ring of positive energy (280 gold, have
                  | 52).
   644 | D:1      | 644 ||| SHOPLISTING ring of resist corrosion (280 gold,
                  | have 52).
   644 | D:1      | Found Kelu's Armour Shoppe.
   666 | D:1      | 666 ||| SHOPLISTING +0 buckler (58 gold, have 52).
   666 | D:1      | 666 ||| SHOPLISTING +0 chain mail (58 gold, have 52).
   666 | D:1      | 666 ||| SHOPLISTING +0 pair of gloves (58 gold, have 52).
   930 | D:1      | Reached XP level 3. HP: 17/21 MP: 7/7
  1285 | D:1      | 1285 ||| UPGRADING to +0 ring mail.
  1295 | D:1      | 1295 ||| DROPPING +0 leather armour.
  1296 | D:1      | 1296 ||| READING 2 scrolls labelled PUMACU ETOXT.
  1297 | D:1      | 1297 ||| READING scroll labelled AJUSIU YXOOS.
  1298 | D:1      | 1298 ||| READING scroll labelled SIORUMMIMAQ.
  1299 | D:1      | 1299 ||| READING scroll labelled EKHLIA LOASS.
  1303 | D:1      | 1303 ||| READING scroll labelled DESAUR QONEITT.
  1304 | D:1      | 1304 ||| DRINKING 2 fizzy yellow potions.
  1305 | D:1      | 1305 ||| DRINKING 2 blue potions.
  1306 | D:1      | 1306 ||| DROPPING scroll of blinking.
  1307 | D:1      | 1307 ||| DROPPING potion of flight.
  1351 | D:2      | Identified the +5 spear of Eruisat {vorpal, rF+ rCorr
                  | Dex+4}
  1354 | D:2      | Identified the +1 chain mail of the Meadowlark {Harm}
  1579 | D:2      | Reached skill level 4 in Axes
  1689 | D:2      | 1689 ||| Stepping ~*~*~tactically~*~*~ (stealth).
  1695 | D:2      | Reached XP level 4. HP: 25/26 MP: 8/8
  1697 | D:2      | 1697 ||| Stepping ~*~*~tactically~*~*~ (stealth).
  1739 | D:2      | You fall into a shaft and drop 2 floors!
  1941 | D:3      | 1941 ||| Stepping ~*~*~tactically~*~*~ (stealth).
  1976 | D:3      | 1976 ||| DROPPING +0 whip.
  1992 | D:3      | 1992 ||| UPGRADING to +0 chain mail.
  2002 | D:3      | 2002 ||| DROPPING +0 ring mail.
  2003 | D:3      | 2003 ||| READING scroll labelled KUNE TOCUI.
  2202 | D:2      | 2202 ||| READING scroll labelled XEMACLUO YPOKK.
  2348 | D:2      | 2348 ||| READING 2 scrolls labelled ZITRON FUFU.
  2349 | D:2      | 2349 ||| DRINKING 2 pink potions.
  2350 | D:2      | 2350 ||| READING 3 scrolls of identify.
  2350 | D:2      | 2350 ||| IDENTIFYING sedimented ruby potion
  2351 | D:2      | 2351 ||| READING 2 scrolls of identify.
  2351 | D:2      | 2351 ||| IDENTIFYING yellow potion
  2352 | D:2      | 2352 ||| DROPPING potion of brilliance.
  2353 | D:2      | 2353 ||| DROPPING potion of magic.
  2354 | D:2      | 2354 ||| DROPPING potion of lignification.
  2355 | D:2      | 2355 ||| DROPPING scroll of vulnerability.
  2405 | D:3      | Found a hazy altar of Hepliaklqana.
  2417 | D:3      | Reached skill level 5 in Axes
  2419 | D:3      | 2419 ||| DROPPING +4 whip.
  2476 | D:3      | 2476 ||| FLEEEEING.
  2654 | D:3      | 2654 ||| Stepping ~*~*~tactically~*~*~ (stealth).
  2655 | D:3      | 2655 ||| Stepping ~*~*~tactically~*~*~ (stealth).
  2728 | D:3      | HP: 6/26 [gnoll/+0 halberd (10)]
  2729 | D:3      | 2729 ||| READING scroll of teleportation.
  2730 | D:3      | Mangled by a gnoll

Levels and vault maps discovered:
D:1:      ncdulo_lavacross, layout_basic, serial_shops, shop,
          nicolae_shop_advertising_works [nicolae_subvault_shop_adworks],
          shapermc_ecumenical_altar_acropolis
D:2:      layout_basic
D:3:      layout_rooms, mainiacjoe_overflow_catwalk_spiral, chequers_jeans,
          minmay_ruptured
D:4:      layout_rooms, kennysheep_windowed_goal, uniq_blork_the_orc

Skill      XL: |  1  2  3  4 |
---------------+-------------+-----
Axes           | 3 4 5 |  5.3
Fighting       | |  2.0
Throwing       | |  1.0
Armour         | |  1.1
Dodging        | |  2.1
Spellcasting   | |  2.0
Translocations | |  2.4

Action                   |  1- 3 |  4- 6 || total
-------------------------+-------+-------++-------
Melee: Hand axe          |    81 |    41 ||   122
       Kick              |    17 |    10 ||    27
       Peck              |     7 |     6 ||    13
Throw: Boomerang         |     7 |       ||     7
  Use: Scroll            |     5 |     6 ||    11
       Potion            |     2 |     1 ||     3
Armor: Leather armour    |    14 |       ||    14
       Ring mail         |    12 |     8 ||    20
       Chain mail        |       |    12 ||    12
Dodge: Dodged            |    37 |    21 ||    58

Table legend:
 A = Non-vault XP
 B = Vault XP
 C = Vault XP percentage of total XP
 D = Non-vault monster count
 E = Vault monster count
 F = Vault count percentage of total count
                 A         B        C        D         E       F
            +---------+---------+-------+---------+---------+-------
      Total |     147 |       6 |   3.9 |      49 |       2 |   3.9
            +---------+---------+-------+---------+---------+-------
        D:1 |      37 |       0 |   0.0 |      22 |       0 |   0.0
        D:2 |      53 |       0 |   0.0 |      14 |       0 |   0.0
        D:3 |      57 |       6 |   9.5 |      13 |       2 |  13.3
            +---------+---------+-------+---------+---------+-------
